 Dungeon Crawl Stone Soup version 0.31.0-32-g396128a36d (webtiles) character file.

Game seed: 2373015142076259042

275 PriceMaster the Sneak (level 6, -4/39 HPs)
             Began as an Octopode Fire Elementalist on Apr 24, 2024.
             Slain by miket3c's ghost (6 damage)
             ... on level 3 of the Dungeon.
             The game lasted 00:03:10 (3234 turns).

PriceMaster the Sneak (Octopode Fire Elementalist)  Turns: 3234, Time: 00:03:11

Health: -4/39      AC:  5    Str:  9    XL:     6   Next: 24%
Magic:  1/9        EV: 13    Int: 18    God:
Gold:   104        SH:  0    Dex: 12    Spells: 4/10 levels left

rFire   . . .        b - +4 spear (venom)
rCold   . . .        (no shield)
rNeg    . . .        (helmet restricted)
rPois   +            (no amulet)
rElec   .            g - +4 ring of protection
rCorr   .            j - ring of poison resistance
SInv    .            (no ring)
Will    .....        (no ring)
Stlth   ++++         (no ring)
HPRegen 0.26/turn    (no ring)
MPRegen 0.11/turn    (no ring)
                     (no ring)

%: no passive effects
@: attractive
A: almost no armour, amphibious, 8 rings, camouflage 1, gelatinous body 1,
(nimble swimmer 1), tentacles
a: no special abilities


You were on level 3 of the Dungeon.
You visited 1 branch of the dungeon, and saw 3 of its levels.

You collected 104 gold pieces.

Inventory:

Hand Weapons
 b - a +4 spear of venom (weapon)
Jewellery
 g - a +4 ring of protection (left tentacle)
 j - a ring of poison resistance (right tentacle)
Wands
 r - a wand of roots (6)
Scrolls
 c - a scroll of revelation {unknown}
 d - a scroll of amnesia {unknown}
 e - a scroll of silence {unknown}
 f - a scroll of fog {unknown}
 h - 3 scrolls of immolation {unknown}
 i - 3 scrolls of identify {unknown}
 l - a scroll of acquirement {unknown}
 m - a scroll of teleportation {unknown}
Potions
 a - a potion of magic
 k - 2 potions of lignification
 o - a potion of attraction
 p - a potion of invisibility {unknown}
 q - 2 potions of curing {unknown}


   Skills:
 * Level 2.1 Fighting
 * Level 2.0 Polearms
 + Level 2.1 Dodging
 * Level 4.7 Stealth
 + Level 2.5 Spellcasting
 + Level 2.3 Conjurations
 + Level 4.1 Fire Magic


You had 4 spell levels left.
You knew the following spells:

 Your Spells              Type           Power      Damage    Failure   Level
a - Foxfire               Conj/Fire      56%        2x1d6     4%          1
b - Scorch                Fire           34%        2d6       4%          2
c - Inner Flame           Hex/Fire       9%         N/A       22%         3

Your spell library contained the following spells:

 Spells                   Type           Power      Damage    Failure   Level
 Volatile Blastmotes      Fire/Tloc      18%        2d11      22%         3
 Flame Wave               Conj/Fire      14%        2d6       41%         4
 Animate Dead             Necr           2%         N/A       86%         4
 Haunt                    Necr/Summ      1%         N/A       100%        7
 Infestation              Necr           1%         N/A       100%        8


Dungeon Overview and Level Annotations

Branches:
Dungeon (3/15)

Altars:
Uskayaw

Annotations:
D:3 1 transporter, miket3c's ghost, weakling MiFi


Innate Abilities, Weirdness & Mutations

You cannot wear most types of armour.
You are amphibious.
You can wear up to eight rings at the same time.
Your skin changes colour to match your surroundings (Stealth+).
Your rubbery body absorbs attacks. (AC +1, EV +1)
((You are camouflaged when in or above water. (Stealth+)))
You have tentacles for arms and can constrict up to eight enemies at once.


Message History

The bullfrog skeleton barely misses you.
The bullfrog skeleton hits you.
Casting: Foxfire (safe; 4% risk of failure)
Confirm with . or Enter, or press ? or * to list all spells.
Flames lash the howler monkey skeleton.
The howler monkey skeleton is heavily damaged.
The howler monkey skeleton's fire resistance burns away.
The foxfire hits the bullfrog skeleton.
The bullfrog skeleton is lightly damaged.
The foxfire hits the wyvern skeleton.
The wyvern skeleton is lightly damaged.
The bullfrog skeleton barely misses you.
The wyvern skeleton closely misses you. The bullfrog skeleton hits you.
The howler monkey skeleton barely misses you.
Miket3c's ghost hits you!
The wyvern skeleton attacks as it pursues you!
The wyvern skeleton barely misses you. The bullfrog skeleton hits you.
The bullfrog skeleton completely misses you.
It was a potion of lignification.
You turn into a tree.
Your roots penetrate the ground.
The bullfrog skeleton barely misses you.
The howler monkey skeleton hits you but does no damage.
The bullfrog skeleton hits you but does no damage.
Miket3c's ghost barely misses you.
The howler monkey skeleton hits you but does no damage.
It was a potion of cancellation.
Your magical effects are unravelling.
You feel magically purged.
Your magical contamination has completely faded away.
You feel less wooden.
You feel yourself speed up.
The howler monkey skeleton is no longer more vulnerable to fire.
The bullfrog skeleton hits you. Miket3c's ghost hits you!
* * * LOW HITPOINT WARNING * * *
The howler monkey skeleton hits you.
* * * LOW HITPOINT WARNING * * *
The bullfrog skeleton completely misses you.
It was a potion of attraction.
You feel attractive to monsters. Miket3c's ghost hits you.
You die...

.##.[...####.....######### ###
.##..................... #
.##.............©....... #
.##.......#############. #
)######...#.....)?.. $#.. #
.'........#.......... #..#####
# .######...#..##...##.
#......#### ## #<..#..#8...8#
#.......... #
#...#..##.@.##..#.........÷ #
#...#....ZWZ....#.......... #
#...#..##.Z.##..#....)...<. #
#####...#..#8...8#..#....).####
#
#.......#..##...##..#....).####
#
#.......#...........#.........#
# #.......#.Z.......
©#....####.#
#######...#############....# #
..†.............©..........# .#


You could see miket3c's ghost, a bullfrog skeleton, a wyvern skeleton and a
howler monkey skeleton.

Vanquished Creatures
  A scorpion (D:3)
  2 orc priests
  6 adders
  A ribbon worm (D:3)
  A dart slug (D:3)
  6 orcs
  4 ball pythons
  3 endoplasms
  2 giant cockroaches
  13 hobgoblins
  12 jackals
  7 kobolds
  7 quokkas
  6 bats
  2 frilled lizards
  4 goblins
  7 rats
84 creatures vanquished.

Vanquished Creatures (others)
  130 foxfires
130 creatures vanquished.

Grand Total: 214 creatures vanquished

Notes
Turn   | Place    | Note
-------+----------+-------------------------------------------
     0 | D:1      | PriceMaster the Octopode Fire Elementalist began the quest
                  | for the Orb.
     0 | D:1      | Reached XP level 1. HP: 11/11 MP: 3/3
   227 | D:1      | Reached XP level 2. HP: 17/17 MP: 0/5
   350 | D:1      | Learned a level 2 spell: Scorch
   615 | D:1      | Reached skill level 1 in Polearms
   688 | D:1      | Reached XP level 3. HP: 19/22 MP: 0/6
   893 | D:1      | Found a faded altar of an unknown god.
  1317 | D:2      | Reached skill level 1 in Fighting
  1439 | D:2      | Reached XP level 4. HP: 28/28 MP: 1/7
  1939 | D:2      | Reached XP level 5. HP: 33/33 MP: 8/8
  2572 | D:3      | Found a transporter.
  2921 | D:3      | Reached XP level 6. HP: 39/39 MP: 5/9
  2985 | D:3      | Found a hide-covered altar of Uskayaw.
  3211 | D:3      | Noticed miket3c's ghost (weakling MiFi)
  3216 | D:3      | Found a transporter.
  3221 | D:3      | Learned a level 3 spell: Inner Flame
  3234 | D:3      | Slain by miket3c's ghost

Illustrated notes

Levels and vault maps discovered:
D:1:      onia_arrival_pyramid, layout_loops_corners,
          dreamdust_ecumenical_altar_angels_and_demons, minmay_tetromino_i2
D:2:      layout_basic, serial_corexii_hall, chequers_hall_statues_corner_a,
          corexii_hall_statues_l
D:3:      layout_basic, nicolae_uskayaw_murder_on_the_dancefloor,
          gammafunk_ghost_mausoleum, nicolae_concentric_dashed_squares_mild,
          kennysheep_generic_room_4

Skill      XL: |  1  2  3  4  5  6 |
---------------+-------------------+-----
Stealth        | 3 4 |  4.7
Polearms       | 1 2 |  2.0
Fighting       | 1 2 |  2.1
Conjurations   | 2 |  2.3
Fire Magic     | 4 |  4.1
Dodging        | |  2.1
Spellcasting   | |  2.5

Action                     |  1- 3 |  4- 6 || total
---------------------------+-------+-------++-------
  Melee: Spear             |    54 |    40 ||    94
         Constrict         |    12 |     4 ||    16
         Tentacles         |     6 |     5 ||    11
         Punch             |     1 |       ||     1
   Cast: Foxfire           |    40 |    51 ||    91
         Scorch            |     3 |    12 ||    15
         Inner Flame       |       |     1 ||     1
    Use: Potion            |       |     3 ||     3
   Stab: Sleeping          |     7 |     4 ||    11
 Armour: Skin              |    11 |    22 ||    33
  Dodge: Dodged            |    26 |    33 ||    59
